Map: Ruins of Seras

Players

State - Winner!

  • Race: Protoss Protoss
  • League: Master

Epic

  • Race: Terran Terran
  • League: Master

VOD

https://youtu.be/urCvqs0NsBk

Description

Time

  • Played on: Feb. 1, 2016, 5:41 p.m.
  • Length: 11:00
Show
View Real Time Build Order
Export as new Build Order

State Protoss - Winner!

Build Orders: 1 Gate Expand, Oracle Opening 

Get SALT Encoding   

  12  0:00  Probe (Chrono Boost)  
  13  0:11  Probe (Chrono Boost)  
  14  0:17  Pylon  
  14  0:22  Probe (Chrono Boost)  
  16  0:35  Probe (Chrono Boost)  
  16  0:37  Gateway  
  16  0:43  Assimilator  
  16  0:46  Probe (Chrono Boost)  
  18  0:57  Probe (Chrono Boost)  
  18  1:07  Probe (Chrono Boost)  
  19  1:23  Nexus  
  19  1:27  Probe (Chrono Boost)  
  20  1:37  Cybernetics Core  
  20  1:41  Probe (Chrono Boost)  
  20  1:45  Assimilator  
  21  1:51  Probe (Chrono Boost)  
  22  1:56  Pylon  
  22  2:02  Probe (Chrono Boost)  
  23  2:14  Adept (Chrono Boost)  
  23  2:15  Probe (Chrono Boost)  
  26  2:20  Stargate  
  26  2:26  Probe (Chrono Boost)  
  27  2:34  Warp Gate  
  27  2:36  Probe (Chrono Boost)  
  28  2:38  Probe (Chrono Boost)  
  28  2:41  Adept (Chrono Boost)  
  31  2:48  Probe  
  33  2:52  Probe  
  33  2:58  Pylon  
  33  3:00  Probe  
  33  3:02  Probe  
  33  3:04  Oracle (Chrono Boost)  
  38  3:12  Probe  
  39  3:13  Probe  
  39  3:17  Adept  
  42  3:22  Assimilator  
  42  3:23  Mothership Core (Chrono Boost)  
  42  3:24  Probe  
  45  3:31  Assimilator  
  45  3:35  Pylon  
  45  3:36  Probe (Chrono Boost)  
  46  3:44  Pylon, Probe (Chrono Boost)  
  46  3:47  Probe (Chrono Boost)  
  48  3:54  Probe (Chrono Boost)  
  49  3:58  Probe (Chrono Boost)  
  50  4:05  Probe (Chrono Boost)  
  50  4:08  Probe (Chrono Boost)  
  52  4:14  Stargate  
  52  4:16  Probe (Chrono Boost)  
  53  4:18  Fleet Beacon  
  53  4:19  Probe (Chrono Boost)  
  54  4:26  Probe (Chrono Boost)  
  54  4:28  Protoss Air Weapons Level 1  
  54  4:29  Probe (Chrono Boost)  
  56  4:37  Probe (Chrono Boost)  
  52  4:40  Probe (Chrono Boost)  
  52  4:42  Oracle (Chrono Boost)  
  52  4:49  Nexus  
  52  4:51  Probe x2 (Chrono Boost)  
  54  5:05  Gateway x2  
  54  5:20  Tempest (Chrono Boost)  
  54  5:21  Tempest (Chrono Boost)  
  62  5:27  Probe x2  
  64  5:31  Pylon  
  64  5:39  Probe x2  
  66  5:51  Probe  
  66  5:52  Probe  
  68  5:59  Tempest x2 (Chrono Boost)  
  68  6:04  Probe  
  78  6:13  Probe  
  78  6:16  Probe  
  79  6:19  Probe  
  79  6:20  Forge, Twilight Council  
  79  6:25  Probe  
  82  6:32  Probe  
  82  6:33  Adept x3  
  82  6:38  Tempest (Chrono Boost)  
  82  6:39  Pylon  
  92  6:52  Pylon  
  92  6:54  Pylon  
  92  6:57  Tempest (Chrono Boost), Resonating Glaives  
  96  7:02  Probe x2  
  96  7:03  Protoss Ground Weapons Level 1  
  98  7:10  Adept x3  
  104  7:16  Gateway  
  104  7:18  Pylon  
  104  7:20  Gateway  
  104  7:26  Pylon  
  104  7:29  Tempest (Chrono Boost)  
  108  7:39  Gateway  
  108  7:40  Gateway  
  108  7:42  Adept x2  
  112  7:49  Pylon  
  112  7:51  Pylon  
  112  7:54  Pylon  
  112  7:56  Pylon  
  112  7:58  Gateway  
  112  8:01  Gateway  
  112  8:09  Adept x3  
  106  8:35  Adept x4  
  106  8:36  Adept  
  124  8:41  Tempest x2 (Chrono Boost)  
  124  8:44  Probe  
  125  8:48  Adept x2  
  129  8:57  Adept x3  
  129  8:58  Adept x2  
  139  9:07  Probe x2  
  121  9:19  Mothership Core  
  121  9:20  Assimilator x2  
  121  9:23  Pylon, Nexus  
  121  9:25  Pylon x3  
  121  9:27  Pylon  
  121  9:31  Adept x6  
  133  9:53  Adept x7  
  147  10:04  Probe  
  147  10:08  Tempest (Chrono Boost)  
  147  10:10  Tempest (Chrono Boost)  
  155  10:15  Probe  
  155  10:19  Probe  
  155  10:25  Probe x2  
  133  10:29  Adept x4  
  133  10:30  Adept x2  
  133  10:33  Probe  
  130  10:36  Probe  
  129  10:44  Probe  
  129  10:45  Probe  
  129  10:46  Probe  
Show
View Real Time Build Order
Export as new Build Order

Epic Terran 

Build Orders: MMM Bio 

Get SALT Encoding   

  12  0:01  SCV  
  13  0:13  SCV  
  14  0:18  Supply Depot  
  14  0:25  SCV  
  15  0:39  SCV  
  15  0:41  Barracks  
  16  0:46  Refinery  
  16  0:51  SCV  
  17  1:03  SCV  
  18  1:16  SCV  
  19  1:29  Orbital Command  
  19  1:30  Barracks Reactor  
  19  1:47  Command Center  
  19  1:51  Supply Depot  
  19  1:56  SCV  
  20  2:07  Factory  
  20  2:08  Marine  
  20  2:12  Marine  
  20  2:15  SCV  
  23  2:27  Marine, SCV  
  25  2:30  Marine  
  26  2:39  SCV  
  26  2:42  Refinery  
  26  2:48  Marine, Reaper  
  28  2:52  SCV  
  28  2:55  Factory Tech Lab  
  29  2:59  Orbital Command  
  29  3:05  Marine, SCV  
  30  3:09  Starport  
  31  3:17  SCV  
  32  3:20  Marine  
  33  3:27  Marine  
  33  3:28  SCV  
  33  3:29  SCV  
  36  3:35  Supply Depot  
  36  3:37  Cyclone  
  36  3:39  Marine  
  36  3:40  SCV  
  41  3:42  SCV  
  41  3:45  Marine  
  43  3:53  Viking  
  44  3:58  Supply Depot  
  44  4:00  SCV x2  
  46  4:03  Marine x2  
  48  4:10  Supply Depot  
  48  4:12  SCV x2  
  50  4:18  Barracks  
  50  4:19  Barracks  
  50  4:24  SCV x2  
  50  4:27  Factory Tech Lab  
  49  4:39  SCV  
  49  4:40  SCV  
  49  4:41  Marine x2  
  53  4:52  SCV x2  
  55  4:56  Command Center  
  55  5:04  Marine x2, SCV x2  
  55  5:06  Stimpack  
  59  5:13  Starport Reactor, Factory Tech Lab  
  59  5:14  Marauder  
  61  5:16  SCV x2  
  63  5:23  Supply Depot, Marine x2  
  63  5:24  Refinery x2, Marine  
  66  5:30  SCV  
  66  5:31  Engineering Bay, SCV  
  68  5:40  Marine  
  68  5:41  Marine  
  70  5:44  Marine x2  
  70  5:47  Supply Depot, SCV x2  
  74  5:53  Medivac x2  
  76  5:59  Terran Infantry Weapons Level 1  
  76  6:03  SCV x2  
  78  6:06  Combat Shields  
  78  6:12  Orbital Command  
  78  6:18  Marine x4  
  79  6:23  Bunker  
  82  6:27  Missile Turret  
  86  6:36  SCV x2  
  86  6:43  Viking x2  
  84  6:53  Marine x2, SCV x2  
  87  6:54  Marine  
  87  6:57  Orbital Command  
  89  7:05  Starport  
  88  7:11  SCV x2  
  90  7:16  Viking  
  92  7:24  Viking  
  94  7:33  SCV x3  
  96  7:46  Viking  
  97  7:54  Viking  
  97  7:56  Supply Depot  
  97  7:57  Supply Depot  
  99  8:00  Marine x2  
  101  8:08  Supply Depot  
  101  8:10  Supply Depot  
  101  8:11  Supply Depot  
  101  8:14  Marine  
  101  8:18  Viking x3, Marine  
  99  8:24  Viking  
  99  8:26  Supply Depot  
  100  8:27  Supply Depot  
  95  8:42  SCV x3  
  95  8:47  Marine  
  95  8:48  Viking x3, Marine x2  
  105  8:54  Viking, SCV  
  103  9:05  Marine x3  
  89  9:12  SCV x3  
  91  9:18  Viking  
  91  9:23  Marine x3  
  96  9:27  Barracks x3  
  96  9:31  SCV x2  
  96  9:32  SCV  
  96  9:36  Viking  
  101  9:41  Marine x3  
  104  9:51  SCV x3  
  107  9:54  Viking  
  107  9:57  Refinery  
  107  9:59  Marine x3  
  102  10:01  Medivac  
  104  10:08  Refinery  
  104  10:13  Marine  
  104  10:14  Marine  
  104  10:16  Medivac, Marine  
  104  10:17  Marine x3  
  102  10:26  SCV x3  
  82  10:31  Marine x2  
  82  10:34  Marine x4  
Tags
 
Add a new tag
Caveats
  • Supply blocks, unpowered buildings, or Contaminate may cause inaccurate times.
  • Supply counts are checked every 10 seconds.